Map: Мир спящих РВ

Players

tehdoctor

  • Race: Zerg Zerg
  • League: Diamond
  • Spawn Location: 7:00

Sinister - Winner!

  • Race: Protoss Protoss
  • League: Diamond
  • Spawn Location: 1:00

VOD

Have the link to the VOD?

Description

Time

  • Played on: Nov. 15, 2019, 8:14 a.m.
  • Length: 8:39
Show
View Real Time Build Order
Export as new Build Order

tehdoctor Zerg 

Build Orders: Pool First 

Get SALT Encoding   

  12  0:02  Drone  
  13  0:22  Spawning Pool  
  13  0:25  Drone  
  13  0:38  Overlord  
  13  0:44  Drone  
  14  1:06  Extractor  
  14  1:09  Zergling x6  
  16  1:21  Drone  
  17  1:26  Hatchery  
  17  1:30  Drone  
  17  1:39  Queen  
  19  1:44  Drone  
  20  1:56  Drone  
  21  2:07  Zergling x2  
  22  2:19  Drone  
  20  2:24  Metabolic Boost  
  20  2:30  Drone  
  21  2:37  Overlord  
  21  2:45  Drone  
  21  2:47  Drone  
  21  2:51  Queen  
  23  2:54  Drone x3  
  28  3:03  Zergling x2  
  28  3:04  Zergling x2  
  30  3:09  Spine Crawler  
  29  3:18  Zergling x6  
  32  3:24  Zergling x2  
  31  3:32  Zergling x8  
  31  3:44  Zergling x6  
  30  3:58  Drone x2  
  32  4:03  Queen  
  34  4:12  Drone x2  
  36  4:17  Roach Warren  
  36  4:20  Drone  
  36  4:21  Drone  
  36  4:29  Overlord x2  
  36  4:44  Hatchery  
  35  4:53  Drone  
  35  4:54  Drone x3  
  39  5:04  Roach x2  
  43  5:11  Drone  
  43  5:12  Drone x3  
  47  5:29  Drone  
  47  5:30  Drone x4  
  52  5:43  Overlord x3  
  52  5:47  Extractor  
  52  5:50  Drone  
  52  6:02  Roach  
  52  6:03  Roach x7  
  68  6:18  Overlord x2  
  67  6:26  Roach x4  
  75  6:35  Drone  
  70  6:41  Roach x4  
  70  6:42  Roach  
  70  6:46  Queen  
  81  6:53  Ravager x2  
  83  7:07  Ravager  
  84  7:16  Unknown  
  84  7:19  Roach x2  
  84  7:20  Zergling x2  
  84  7:21  Zergling x4  
  84  7:22  Overlord x4  
  90  7:38  Hatchery  
  71  7:55  Roach  
  71  7:56  Roach x7  
  71  7:57  Zergling x2  
  71  7:58  Zergling x12  
Show
View Real Time Build Order
Export as new Build Order

Sinister Protoss - Winner!

Build Orders: Colossus Rush 

Get SALT Encoding   

  12  0:01  Probe (Chrono Boost)  
  13  0:11  Probe (Chrono Boost)  
  14  0:19  Pylon  
  14  0:23  Probe  
  15  0:40  Gateway  
  15  0:44  Probe  
  16  0:56  Probe (Chrono Boost)  
  17  1:01  Assimilator  
  17  1:08  Probe (Chrono Boost)  
  18  1:21  Probe  
  19  1:27  Zealot  
  21  1:33  Probe  
  21  1:35  Cybernetics Core  
  22  1:42  Pylon  
  22  1:50  Nexus  
  22  1:54  Probe  
  23  2:08  Zealot (Chrono Boost)  
  24  2:21  Probe  
  22  2:26  Adept  
  24  2:33  Probe  
  25  2:42  Pylon  
  25  2:46  Probe  
  26  2:55  Warp Gate  
  26  2:56  Adept  
  26  2:58  Probe  
  29  3:04  Probe  
  30  3:10  Probe  
  31  3:14  Gateway  
  31  3:16  Probe  
  32  3:22  Probe  
  33  3:28  Probe  
  34  3:34  Probe  
  34  3:40  Probe  
  36  3:41  Adept (Chrono Boost)  
  36  3:46  Probe  
  37  3:52  Probe  
  34  3:58  Probe  
  34  4:02  Robotics Facility  
  33  4:04  Probe, Shield Battery x2  
  33  4:05  Adept (Chrono Boost)  
  33  4:08  Adept (Chrono Boost)  
  38  4:10  Probe  
  38  4:16  Probe  
  40  4:19  Pylon  
  40  4:22  Probe  
  41  4:27  Adept  
  41  4:28  Assimilator, Probe  
  44  4:31  Assimilator, Adept  
  44  4:33  Pylon  
  44  4:35  Probe (Chrono Boost)  
  47  4:40  Probe (Chrono Boost)  
  47  4:44  Pylon  
  48  4:48  Probe (Chrono Boost)  
  48  4:52  Probe (Chrono Boost)  
  50  4:54  Probe (Chrono Boost)  
  50  4:56  Probe (Chrono Boost)  
  52  5:00  Robotics Bay  
  52  5:02  Assimilator  
  52  5:04  Pylon  
  52  5:07  Warp Prism, Zealot  
  52  5:11  Zealot  
  58  5:14  Probe x2  
  58  5:20  Gateway  
  60  5:24  Gateway  
  60  5:27  Sentry  
  62  5:39  Gateway x2  
  62  5:47  Gateway  
  62  5:48  Gateway  
  62  5:53  Colossus (Chrono Boost)  
  68  6:01  Stalker  
  70  6:06  Stalker  
  72  6:24  Stalker x3  
  77  6:41  Pylon  
  77  6:42  Disruptor  
  77  6:44  Pylon  
  78  6:57  Pylon  
  78  6:58  Pylon  
  78  7:00  Pylon  
  78  7:01  Stalker x4  
  86  7:13  Pylon  
  86  7:20  Stalker x2  
  86  7:21  Stalker x2  
  94  7:27  Observer, Pylon  
  94  7:29  Stalker x2  
  99  7:32  Stalker  
  97  8:04  Stalker x3  
  97  8:05  Stalker x3  
  103  8:06  Zealot x2  
  105  8:31  Stalker x5  
  105  8:32  Zealot x2  
  119  8:38  Pylon  
Tags
 
Add a new tag
Caveats
  • Supply blocks, unpowered buildings, or Contaminate may cause inaccurate times.
  • Supply counts are checked every 10 seconds.